 Dungeon Crawl Stone Soup version 0.29-a0-1008-g949cc1d0fb (webtiles) character file.

Game seed: 152239935443027698

7361 drpainis the Covert (level 10, 0/46 HPs)
             Began as a Spriggan Enchanter on Aug 7, 2022.
             Was an Initiate of Yredelemnul.
             Slain by a spriggan
             ... wielding a +0 spear
              (4 damage)
             ... in a bailey.
             The game lasted 00:31:17 (12726 turns).

drpainis the Covert (Spriggan Enchanter)           Turns: 12726, Time: 00:31:18

Health: 0/46       AC:  4    Str:  1 (4)  XL:     10   Next: 91%
Magic:  25/25      EV: 19    Int: 19 (20) God:    Yredelemnul [......]
Gold:   207        SH:  0    Dex: 18 (20) Spells: 18/30 levels left

rFire   . . .      SeeInvis +   w - +1 dagger (venom)
rCold   . . .      Faith    .   (no shield)
rNeg    . . .      Spirit   .   l - +2 robe of Indecent Exposure {Rampage Int+3}
rPois   .          Reflect  .   (helmet restricted)
rElec   .          Harm     .   n - scarf {shadows}
rCorr   .          Rampage  +   (gloves unavailable)
Will    +....                   (boots unavailable)
Stlth   ++++++....              z - amulet of Vitality {RegenMP++ Regen++}
HPRegen 1.75/turn               L - ring of flight
MPRegen 0.99/turn               (no ring)

@: confusing by touch, flying, very quick
A: very small, no large weapons, unfitting armour, see invisible, speed 3,
deterioration 1
a: Renounce Religion, Recall Undead Harvest


You were in a bailey.
You worshipped Yredelemnul.
Yredelemnul was noncommittal.
You visited 1 branch of the dungeon, and saw 9 of its levels.
You also visited: Bailey.

You collected 378 gold pieces.
You spent 171 gold pieces at shops.

Inventory:

Hand Weapons
 a - a +1 dagger
 w - a +1 dagger of venom (weapon)
 F - a +1 short sword of draining
 G - a +0 dagger of distortion
 O - a +0 vorpal sling
 T - a +1 short sword of venom
Missiles
 u - 18 poisoned darts (quivered)
 y - 6 curare-tipped darts
 H - 3 throwing nets
 J - 2 boomerangs of dispersal
Armour
 b - a +0 robe
 l - the +2 robe of Indecent Exposure (worn) {Rampage Int+3}
   (You found it on level 2 of the Dungeon)

   Int:       It affects your intelligence (+3).
   Rampage:   It bestows one free step when moving towards enemies.
 n - a scarf of shadows (worn)
 q - an orb of energy
 M - a +0 cloak
 N - the +1 robe of the Meadowlark {-Cast Str+3 Dex+3}
   (You bought it in a shop on level 8 of the Dungeon)

   Str:       It affects your strength (+3).
   Dex:       It affects your dexterity (+3).
   -Cast:     It prevents spellcasting.
Jewellery
 j - an amulet of guardian spirit
 o - an amulet of the acrobat
 z - the amulet of Vitality (around neck) {RegenMP++ Regen++}
   (You found it on level 4 of the Dungeon)

   [amulet of magic regeneration]

   It increases your rate of magic regeneration.
   Regen:     It increases your rate of health regeneration.
 L - a ring of flight (left hand)
Wands
 h - a wand of light (19)
 x - a wand of roots (4)
 A - a wand of charming (27)
 D - a wand of flame (6)
Scrolls
 i - 4 scrolls of silence
 k - 4 scrolls of amnesia
 m - 3 scrolls of poison
 s - 3 scrolls of vulnerability
 t - 8 scrolls of teleportation
 E - 2 scrolls of fear
 I - a scroll of noise {unknown}
 K - a scroll of immolation
 Q - a scroll of magic mapping {unknown}
 R - a scroll of enchant weapon {unknown}
 S - a scroll of blinking {unknown}
 U - a scroll of acquirement {unknown}
Potions
 d - 5 potions of lignification
 e - 4 potions of attraction
 f - a potion of resistance {unknown}
 p - a potion of heal wounds
 r - 3 potions of curing
 v - a potion of berserk rage {unknown}
 B - a potion of magic {unknown}
 C - a potion of mutation
 P - a potion of ambrosia {unknown}


   Skills:
 + Level 1.9 Fighting
 + Level 4.6 Short Blades
 + Level 0.4 Throwing
 + Level 4.5 Dodging
 + Level 14.5 Stealth
 + Level 10.7 Spellcasting
 + Level 9.7 Hexes
 + Level 4.7 Ice Magic
 + Level 0.9 Invocations


You had 18 spell levels left.
You knew the following spells:

 Your Spells              Type           Power      Damage    Failure   Level
a - Ensorcelled Hibernat  Hex/Ice        74%        N/A       1%          2
b - Confusing Touch       Hex            47%        N/A       1%          3
c - Tukima's Dance        Hex            47%        N/A       1%          3
d - Slow                  Hex            100%       N/A       1%          1
e - Dazzling Flash        Conj/Hex       56%        N/A       2%          3

Your spell library contained the following spells:

 Spells                   Type           Power      Damage    Failure   Level
 Apportation              Tloc           20%        N/A       7%          1
 Static Discharge         Conj/Air       10%        3-5/arc   11%         2
 Vampiric Draining        Necr           10%        2d6       21%         3
 Corpse Rot               Necr/Pois/Air  10%        N/A       56%         4
 Dispel Undead            Necr           10%        3d9       56%         4
 Alistair's Intoxication  Tmut/Pois      6%         N/A       88%         5
 Lightning Bolt           Conj/Air       5%         1d17      88%         5
 Maxwell's Capacitive Co  Air            5%         ∞         100%        8
 Death Channel            Necr           Unusable   N/A       N/A         6

Dungeon Overview and Level Annotations

Branches:
Dungeon (9/15)             Temple (0/1) D:5            Lair (0/5) D:9
 Bailey (1/1)
    Orc: D:9-12

Altars:
Yredelemnul

Shops:
D:8 (([[


Innate Abilities, Weirdness & Mutations

You are very small and have problems with some larger weapons.
You are too small for most types of armour.
You have supernaturally acute eyesight. (SInv)
You cover ground extremely quickly. (Speed+++)
Your body sometimes deteriorates upon taking damage.


Message History

Aim: a spriggan, wielding a +0 spear (chance to affect: 29%)
The spriggan easily resists.
The spriggan closely misses you. x2
The spriggan barely misses your butterfly.
You swap places.
The spriggan barely misses your butterfly.
The spriggan hits you.
The spriggan hits your butterfly with a +0 spear!!
Your butterfly dies!
Your butterfly disappears in a burst of colours!
Casting: Slow (safe; 1% risk of failure)
Confirm with . or Enter, or press ? or * to list all spells.
Your hands begin to glow red.
The spriggan hits your butterfly.
Your butterfly dies!
Your butterfly disappears in a burst of colours!
Casting: Confusing Touch (safe; 1% risk of failure)
Confirm with . or Enter, or press ? or * to list all spells.
Aiming: Ensorcelled Hibernation (safe; 1% risk of failure)
Press: ? - help, Shift-Dir - straight line, f/p - spriggan
Aim: a spriggan, wielding a +0 spear (chance to confuse on hit: 35%, chance to affect: 29%)
The spriggan easily resists.
The spriggan hits you from afar with a +0 spear!
The spriggan completely misses you.
You miss the spriggan.
The spriggan is lightly wounded.
The spriggan hits you from afar with a +0 spear!
The spriggan barely misses you.
Unknown command.
You barely miss the spriggan.
The spriggan is lightly wounded.
The spriggan hits you!
The spriggan hits you from afar with a +0 spear!
* * * LOW HITPOINT WARNING * * *
The spriggan hits you from afar with a +0 spear!
* * * LOW HITPOINT WARNING * * *
The spriggan attacks as you move away! The spriggan barely misses you.
The spriggan hits you.
* * * LOW HITPOINT WARNING * * *
The spriggan hits you from afar with a +0 spear.
You die...
Your body rises from the dead as a mindless zombie. ##.)##♣♣###..## ##..♣# ##..## #.)## . ##..## ).## . ♣.).# ii#

♣.#...# ..#
♣.#~..# ..♣
♣.~b..# ..#
♣.#~..# ..#
♣.#..@# .)#♣ .
#.i.# #..#♣ i
♣#ii## ##..#♣
##..##
##..##♣##♣#b.##
##.........##
##.......##
#########


You could see 3 spriggans.

Vanquished Creatures
  The ghost of gdog the Covert, a novice GnDe of Gozag (D:4)
  Joseph (D:7)
  2 kobold demonologists (D:9)
  A spriggan (Bailey)
  A wyvern (D:9)
  9 yaks (D:9)
  A steam dragon (D:7)
  4 water moccasins
  A black bear (D:9)
  5 ogres
  3 centaurs
  2 kobold brigands (D:4)
  A gnoll sergeant (D:5)
  5 bullfrogs
  A necrophage (D:8)
  A scorpion (D:5)
  A wight (D:8)
  7 killer bees
  2 howler monkeys (D:8)
  A jelly (D:6)
  3 gnoll boudas
  An orc priest (D:7)
  2 hounds
  3 iguanas
  An orc wizard (D:6)
  Robin (D:4)
  17 gnolls
  7 adders
  4 shadow imps (D:7)
  2 white imps (D:7)
  2 ufetubi
  2 worms
  5 dart slugs
  23 orcs
  3 endoplasms
  2 giant cockroaches (D:1)
  9 goblins
  8 hobgoblins
  8 jackals
  12 kobolds
  6 ball pythons
  5 bats (D:2)
  4 frilled lizards
  2 rats
182 creatures vanquished.

Vanquished Creatures (collateral kills)
  A two-headed ogre (D:9)
  A water moccasin (D:9)
  2 black bears
  An ice beast (D:8)
  2 kobold brigands (D:9)
  2 bullfrogs (D:9)
  3 wights (D:8)
  A howler monkey (D:8)
  A gnoll bouda (D:8)
  5 gnolls
  2 adders
  A white imp (D:7)
  5 orcs
  4 goblins
  A ball python (D:3)
  A frilled lizard (D:3)
  3 kobolds
  3 rats (D:3)
39 creatures vanquished.

Vanquished Creatures (others)
  7 dancing weapons
  A yak zombie (D:9)
  A spriggan zombie (Bailey)
  2 centaur zombies (D:9)
  A bullfrog zombie (D:9)
  A scorpion zombie (D:5)
  3 ogre zombies
  4 gnoll zombies
  2 adder zombies
  2 spectral shadow imps (D:7)
  A worm zombie (D:3)
  A bat zombie (D:2)
  2 dart slug zombies (D:4)
  2 frilled lizard zombies (D:3)
  3 jackal zombies
  6 kobold zombies
  11 orc zombies
  11 demonic plants
  33 fungi
  40 plants
  4 withered plants (D:1)
138 creatures vanquished.

Grand Total: 359 creatures vanquished

Notes
Turn   | Place    | Note
-------+----------+-------------------------------------------
     0 | D:1      | drpainis the Spriggan Enchanter began the quest for the
                  | Orb.
     0 | D:1      | Reached XP level 1. HP: 9/9 MP: 5/5
   133 | D:1      | Found a faded altar of an unknown god.
   154 | D:1      | Reached XP level 2. HP: 3/13 MP: 6/6
  1412 | D:1      | Learned a level 2 spell: Ensorcelled Hibernation
  1421 | D:1      | Reached skill level 5 in Stealth
  1421 | D:1      | Reached XP level 3. HP: 16/16 MP: 5/8
  2553 | D:2      | Identified the +2 robe of Indecent Exposure {Rampage Int+3}
  2840 | D:2      | Reached XP level 4. HP: 21/21 MP: 9/9
  2950 | D:2      | Found a basalt altar of Yredelemnul.
  2956 | D:2      | Reached skill level 1 in Ice Magic
  2962 | D:2      | Became a worshipper of Yredelemnul the Dark
  3045 | D:2      | Reached skill level 6 in Stealth
  4007 | D:3      | Learned a level 3 spell: Confusing Touch
  4011 | D:3      | Learned a level 3 spell: Tukima's Dance
  4013 | D:3      | Learned a level 1 spell: Slow
  4078 | D:3      | Reached * piety under Yredelemnul
  4399 | D:3      | Noticed a water moccasin
  4452 | D:3      | Killed a water moccasin
  4453 | D:3      | Reached skill level 7 in Stealth
  4453 | D:3      | Reached XP level 5. HP: 24/24 MP: 3/11
  4557 | D:3      | Reached skill level 5 in Hexes
  4563 | D:3      | Reached XP level 6. HP: 28/28 MP: 1/12
  5314 | D:4      | Found the amulet of Vitality {RegenMP++ Regen++}
  5354 | D:4      | Noticed Robin
  5358 | D:4      | Killed Robin
  5529 | D:4      | You fall into a shaft and drop 2 floors!
  5556 | D:6      | Reached skill level 8 in Stealth
  5613 | D:5      | Entered Level 5 of the Dungeon
  5957 | D:4      | Reached XP level 7. HP: 32/32 MP: 5/14
  6173 | D:4      | Reached skill level 9 in Stealth
  6173 | D:4      | Reached skill level 5 in Spellcasting
  6546 | D:4      | Found a runed translucent gate.
  6546 | D:4      | Found a runed translucent gate.
  6548 | D:4      | Found a runed translucent gate.
  6549 | D:4      | Noticed gdog's ghost (novice GnDe)
  6783 | D:4      | Killed gdog's ghost
  6784 | D:4      | Reached XP level 8. HP: 37/37 MP: 15/17
  6856 | D:4      | Learned a level 3 spell: Dazzling Flash
  6873 | D:5      | Reached skill level 10 in Stealth
  7445 | D:5      | Found a staircase to the Ecumenical Temple.
  7739 | D:5      | Reached ** piety under Yredelemnul
  8180 | D:6      | Reached skill level 11 in Stealth
  8954 | D:7      | Reached skill level 1 in Fighting
  8954 | D:7      | Reached XP level 9. HP: 41/41 MP: 20/20
  9462 | D:7      | Reached skill level 12 in Stealth
  9836 | D:7      | Noticed Joseph
  9879 | D:7      | Killed Joseph
 10530 | D:8      | Found Weylypp's Armour Emporium.
 10542 | D:8      | Found Yqibavuk's Antique Armour Shoppe.
 10547 | D:8      | Bought a faintly humming robe for 171 gold pieces
 10547 | D:8      | Identified the +1 robe of the Meadowlark {-Cast Str+3
                  | Dex+3} (You bought it in a shop on level 8 of the Dungeon)
 10801 | D:8      | Found Wuhoclabi's Weapon Boutique.
 11085 | D:8      | Found Doupsi's Antique Weapon Shoppe.
 11665 | D:8      | Reached *** piety under Yredelemnul
 11724 | D:8      | Gained mutation: Your body sometimes deteriorates upon
                  | taking damage. [potion of mutation]
 11976 | D:9      | Found a staircase to the Lair.
 11979 | D:9      | Reached skill level 13 in Stealth
 12003 | D:9      | Reached XP level 10. HP: 46/46 MP: 20/23
 12073 | D:9      | Noticed a two-headed ogre
 12085 | D:9      | Killed a two-headed ogre
 12329 | D:9      | Reached skill level 14 in Stealth
 12338 | D:9      | Reached skill level 10 in Spellcasting
 12409 | D:9      | Noticed an orange demon
 12413 | D:9      | Noticed a sun demon
 12417 | D:9      | Noticed a rust devil
 12443 | D:9      | Found a flagged portal.
 12463 | Bailey   | Entered a bailey
 12723 | Bailey   | HP: 2/46 [spriggan/+0 spear (7)]
 12726 | Bailey   | Slain by a spriggan

Illustrated notes

Levels and vault maps discovered:
D:1:      saegor_arrival_simple_b, layout_loops_corners,
          shapermc_ecumenical_altar_gd
D:2:      minmay_wonky_spiral, layout_loops_corners, basic_altar,
          kennysheep_flooded_box
D:3:      layout_basic, serial_glass, glass_columns_a, glass_columns_a,
          minmay_strange_pillars, item_on_display_a, feat_on_display,
          feat_on_display, guppyfry_early_lair_pool
D:4:      layout_basic, gammafunk_ghost_nasty_kobolds, uniq_robin
D:5:      layout_basic, lemuel_temple_firewalk_b
D:6:      layout_basic
D:7:      layout_basic, serial_demonic, serial_demonic_f, serial_demonic_b,
          serial_demonic_g, serial_demonic_f, serial_demonic_c, uniq_joseph
D:8:      layout_basic, serial_shops, nicolae_shop_bloodbath_and_beyond,
          shop_fountains, nicolae_square_shop, nicolae_diamond_shop
D:9:      layout_roguey [special_room_orc], lemuel_crystal_altar,
          due_lair_maze_entry_diamond, enter_bailey_3, uniq_maurice,
          uniq_psyche, uniq_grum
Bailey:   bailey_polearm_enchanted_keep_hellmonk, bailey

Skill      XL: |  1  2  3  4  5  6  7  8  9 10 |
---------------+-------------------------------+-----
Hexes          | 4 5 6 7 8 9 |  9.7
Stealth        | 5 7 8 9 11 13 14 | 14.5
Dodging        | 3 4 |  4.5
Ice Magic      | 1 2 3 4 |  4.7
Spellcasting   | 3 4 5 6 8 10 | 10.7
Short Blades   | 2 3 4 |  4.6
Fighting       | 1 |  1.9
Throwing       | |  0.4
Invocations    | |  0.9

Action                   |  1- 3 |  4- 6 |  7- 9 | 10-12 || total
-------------------------+-------+-------+-------+-------++-------
Melee: Dagger            |    92 |    75 |   229 |    67 ||   463
       Punch             |       |       |     5 |     2 ||     7
Throw: Dart              |       |       |     4 |       ||     4
 Cast: Ensorcelled Hiber |    12 |    45 |    78 |    44 ||   179
       Tukima's Dance    |       |     8 |    19 |    16 ||    43
       Slow              |       |     1 |    17 |     3 ||    21
       Confusing Touch   |       |       |    11 |     1 ||    12
Invok: Recall Undead Har |       |     1 |       |     1 ||     2
       Dark Bargain      |       |       |       |     3 ||     3
  Use: Scroll            |       |     3 |     7 |     1 ||    11
       Potion            |       |       |     5 |     2 ||     7
 Stab: Sleeping          |    13 |    38 |    67 |    13 ||   131
       Confused          |       |       |     5 |       ||     5
       Distracted        |       |       |     3 |     1 ||     4
       Invisible         |       |       |     2 |     4 ||     6
Armor: Robe              |    10 |     5 |    12 |    18 ||    45
Dodge: Dodged            |    58 |    43 |   113 |    88 ||   302

Table legend: (Time is in decaauts)
 A = Elapsed time spent in this place.
 B = Non-inter-level travel time spent in this place.
 C = Inter-level travel time spent in this place.
 D = Time resting spent in this place.
 E = Time spent auto-exploring this place.
 F = Levels seen in this place.
 G = Mean time per level.
                   A        B        C        D        E       F      G
               +--------+--------+--------+--------+--------+-----+--------+
         Total |  10033 |   9935 |     98 |   4521 |   3005 |  10 | 1003.3 |
       Dungeon |   9820 |   9722 |     98 |   4418 |   3005 |   9 | 1091.1 |
        Bailey |    212 |    212 |      0 |    103 |      0 |   1 |  212.0 |
               +--------+--------+--------+--------+--------+-----+--------+

Top non-repeatable levels by time:
     D:1: 1606 daAuts
     D:2: 1449 daAuts
     D:7: 1416 daAuts
     D:8: 1202 daAuts
     D:4: 1198 daAuts
     D:3: 1001 daAuts
     D:5: 955 daAuts
     D:6: 569 daAuts
     D:9: 420 daAuts
  Bailey: 212 daAuts
